 Dungeon Crawl Stone Soup version 0.28-a0-1429-gf3d713df7a (webtiles) character file.

Game seed: 8612608535537322636

395 flotson the Ducker (level 6, -6/47 HPs)
             Began as a Demonspawn Gladiator on Jan 9, 2022.
             Mangled by an ogre (16 damage)
             ... on level 4 of the Dungeon.
             The game lasted 00:03:49 (3813 turns).

flotson the Ducker (Demonspawn Gladiator)           Turns: 3813, Time: 00:03:50

Health: -6/47      AC: 11    Str: 16    XL:     6   Next: 52%
Magic:  6/6        EV: 12    Int:  9    God:
Gold:   252        SH:  4    Dex: 15    Spells: 5/5 levels left

rFire   . . .      SeeInvis .   a - +3 quarterstaff (chaos)
rCold   . . .      Faith    .   (shield currently unavailable)
rNeg    . . .      Spirit   .   j - +0 ring mail
rPois   .          Reflect  .   c - +0 helmet
rElec   .          Harm     .   q - +0 cloak
rCorr   .          Rampage  .   (no gloves)
Will    .....                   (no boots)
Stlth   +.........              (no amulet)
HPRegen 0.15/turn               (no ring)
MPRegen 0.10/turn               (no ring)

@: no status effects
A: icemail 1, powered by death 1, condensation shield
a: no special abilities


You were on level 4 of the Dungeon.
You visited 1 branch of the dungeon, and saw 4 of its levels.

You collected 252 gold pieces.

Inventory:

Hand Weapons
 a - a +3 quarterstaff of chaos (weapon)
 b - a +0 trident
 r - a +0 war axe
Missiles
 d - a throwing net (quivered)
 t - 23 sling bullets
Armour
 c - a +0 helmet (worn)
 j - a +0 ring mail (worn)
 q - a +0 cloak (worn)
Jewellery
 o - a +6 ring of intelligence
 u - an amulet of reflection
Wands
 p - a wand of flame (16)
Scrolls
 f - 3 scrolls of teleportation {unknown}
 g - 2 scrolls of magic mapping {unknown}
 h - 3 scrolls of vulnerability {unknown}
 i - a scroll of fog {unknown}
 l - a scroll of blinking {unknown}
 m - a scroll of acquirement {unknown}
Potions
 e - 2 potions of curing {unknown}
 k - a potion of mutation {unknown}
 n - a potion of ambrosia {unknown}
 s - a potion of heal wounds {unknown}


   Skills:
 + Level 3.4 Fighting
 + Level 3.8 Axes
 + Level 3.2 Throwing
 + Level 2.4 Armour
 + Level 3.8 Dodging


You had 5 spell levels left.
You didn't know any spells.
Your spell library was empty.

Dungeon Overview and Level Annotations

Branches:
Dungeon (4/15)
 Temple: D:4-7

Altars:
Elyvilon
Fedhas
The Shining One


Innate Abilities, Weirdness & Mutations

A meltable icy envelope protects you from harm. (AC +4)
You regenerate a little health from kills.
A meltable shield of frost defends you. (SH +4)


Message History

You block the goblin's attack.
You sock the goblin! You burn the goblin.
You kill the goblin!
No target in view!
No target in view!
No target in view!
No target in view!
No target in view!
No target in view!
Things that are here:
a +0 dagger; a goblin corpse A ball python and an ogre come into view.
The ball python hisses angrily.
The ogre shouts!
You closely miss the ball python.
The ball python bites you but does no damage.
The ball python completely misses you.
You sock the ball python! You burn the ball python.
You kill the ball python!
You sock the ogre!
The ogre flickers and vanishes!
Deactivating autopickup; reactivate with Ctrl-A.
Something barely misses you.
A ball python comes into view.
You closely miss something.
The ball python hisses angrily.
Something hits you.
You barely miss something. Something hits you.
No target in view!
No target in view!
You hit something. You block something's attack.
You sock something!
Nothing appears to happen.
Something hits you!!
You closely miss something. Something hits you!
* * * LOW HITPOINT WARNING * * *
Throw: 2 throwing nets
Press: ? - help, Q - select action, (/) - cycle Shift-Dir - straight line, f - ball python
Aim: a ball python (57% to hit)
You throw a throwing net. The throwing net hits the ball python.
The ball python is caught in the net!
The ball python struggles against the net.
Something hits you!
You die...

##..##..#
#.##.......#
##.##..##
#[##....<..#
###..#...#
#.###........
)......#.# #.#
##.....##.
####.###.# ##.#
#####.. .. #.#
#..# #.)# ##. #
#.. ##..####.##
.#
###..........####
###.......@{S#
#.....####.#
#.....# ..#
#.....#


OS.. ....... ..... ###.... ......# #.... ......# ......# You could see a ball
python (caught).

Vanquished Creatures
  A jelly (D:4)
  A centaur skeleton (D:4)
  Crazy Yiuf (D:3)
  Terence (D:3)
  Natasha (thrice) (D:3)
  2 iguanas (D:4)
  Robin (D:2)
  6 adders
  2 adder skeletons
  A worm (D:3)
  3 dart slugs
  5 bats
  4 endoplasms
  A giant cockroach (D:2)
  13 goblins
  9 hobgoblins
  4 jackals (D:3)
  3 quokkas
  6 ball pythons
  5 frilled lizards
  7 kobolds
  5 rats
84 creatures vanquished.

Notes
Turn   | Place    | Note
-------+----------+-------------------------------------------
     0 | D:1      | flotson the Demonspawn Gladiator began the quest for the
                  | Orb.
     0 | D:1      | Reached XP level 1. HP: 16/16 MP: 1/1
    23 | D:1      | Found a faded altar of an unknown god.
   190 | D:1      | Gained mutation: A meltable shield of frost defends you.
                  | (SH +4) [demonic ancestry]
   190 | D:1      | Reached XP level 2. HP: 14/22 MP: 2/2
  1555 | D:2      | Gained mutation: A meltable icy envelope protects you from
                  | harm. (AC +4) [demonic ancestry]
  1555 | D:2      | Reached XP level 3. HP: 22/28 MP: 3/3
  1680 | D:2      | Reached skill level 1 in Armour
  1980 | D:2      | Noticed Robin
  2022 | D:2      | Gained mutation: You regenerate a little health from kills.
                  | [demonic ancestry]
  2022 | D:2      | Reached XP level 4. HP: 34/34 MP: 4/4
  2032 | D:2      | Killed Robin
  2621 | D:3      | Noticed Terence
  2635 | D:3      | Killed Terence
  2824 | D:3      | Found a blossoming altar of Fedhas.
  2903 | D:3      | Noticed Natasha
  2909 | D:3      | Killed Natasha
  2910 | D:3      | Reached XP level 5. HP: 31/40 MP: 5/5
  3052 | D:3      | Noticed Natasha
  3062 | D:3      | Killed Natasha
  3146 | D:3      | Found a runed translucent door.
  3147 | D:3      | Noticed Crazy Yiuf
  3228 | D:3      | Noticed Natasha
  3239 | D:3      | Killed Natasha
  3377 | D:3      | Killed Crazy Yiuf
  3462 | D:4      | Reached XP level 6. HP: 47/47 MP: 6/6
  3813 | D:4      | Mangled by an ogre

Illustrated notes

Levels and vault maps discovered:
D:1:      dpeg_arrival_boxes_within_box, layout_basic,
          hellmonk_ecumenical_altar_crossroads
D:2:      layout_basic, basic_altar, uniq_robin
D:3:      layout_rooms, lemuel_doored_altar, mainiacjoe_overflow_24_doors,
          uniq_natasha, uniq_crazy_yiuf_cottage, uniq_terence
D:4:      layout_rooms, minmay_distorted

Skill      XL: |  1  2  3  4  5 |
---------------+----------------+-----
Throwing       | 2 3 |  3.2
Axes           | 3 |  3.8
Armour         | 1 2 |  2.4
Dodging        | 3 |  3.8
Fighting       | 3 |  3.4

Action                   |  1- 3 |  4- 6 || total
-------------------------+-------+-------++-------
Melee: War axe           |    97 |   104 ||   201
       Quarterstaff      |       |    51 ||    51
       Punch             |       |     2 ||     2
Throw: Throwing net      |       |     2 ||     2
 Stab: Paralysed         |       |     2 ||     2
Armor: Leather armour    |     8 |       ||     8
       Ring mail         |    28 |    64 ||    92
Dodge: Dodged            |    66 |    97 ||   163
Block: Other             |    19 |    21 ||    40

Table legend: (Time is in decaauts)
 A = Elapsed time spent in this place.
 B = Non-inter-level travel time spent in this place.
 C = Inter-level travel time spent in this place.
 D = Time resting spent in this place.
 E = Time spent auto-exploring this place.
 F = Levels seen in this place.
 G = Mean time per level.
                   A        B        C        D        E       F      G
               +--------+--------+--------+--------+--------+-----+--------+
         Total |   3896 |   3726 |    170 |      0 |   3115 |   4 |  974.0 |
       Dungeon |   3896 |   3726 |    170 |      0 |   3115 |   4 |  974.0 |
               +--------+--------+--------+--------+--------+-----+--------+

Top non-repeatable levels by time:
     D:2: 1292 daAuts
     D:1: 1272 daAuts
     D:3: 907 daAuts
     D:4: 424 daAuts
